 Dungeon Crawl Stone Soup version 0.28-b1-25-g9875b3fc8c (webtiles) character file.

Game seed: 3085223541059039492

346 mopl the Ruffian (level 6, 0/59 HPs)
             Began as a Troll Monk on Feb 5, 2022.
             Was an Initiate of Yredelemnul.
             Slain by Pikel (3 damage)
             ... on level 5 of the Dungeon.
             The game lasted 00:05:01 (3038 turns).

mopl the Ruffian (Troll Monk)                       Turns: 3038, Time: 00:05:02

Health: 0/59       AC:  5    Str: 20    XL:     6   Next: 32%
Magic:  4/6        EV: 10    Int:  6    God:    Yredelemnul [......]
Gold:   99         SH:  0    Dex: 14    Spells: 5/5 levels left

rFire   . . .      SeeInvis .     - Unarmed
rCold   . . .      Faith    .   (no shield)
rNeg    . . .      Spirit   .   a - +0 robe
rPois   .          Reflect  .   (helmet restricted)
rElec   .          Harm     .   b - +0 cloak
rCorr   +          Rampage  .   (gloves unavailable)
Will    .....                   (boots unavailable)
Stlth   ++........              (no amulet)
HPRegen 0.99/turn               l - ring of resist corrosion
MPRegen 0.10/turn               (no ring)

@: no status effects
A: large, unfitting armour, claws 3, regeneration 1, shaggy fur 1, tough skin 1
a: Renounce Religion, Recall Undead Harvest


You were on level 5 of the Dungeon.
You worshipped Yredelemnul.
Yredelemnul was noncommittal.
You visited 1 branch of the dungeon, and saw 5 of its levels.

You collected 294 gold pieces.
You spent 195 gold pieces at shops.

Inventory:

Missiles
 c - 6 javelins (quivered)
 d - 39 sling bullets
 e - 2 throwing nets
 h - 135 stones
 m - 4 poisoned darts
 n - 6 boomerangs
Armour
 a - a +0 robe (worn)
 b - a +0 cloak (worn)
Jewellery
 l - a ring of resist corrosion (left claw)
 r - a ring of poison resistance
Scrolls
 f - 4 scrolls of vulnerability
 g - 2 scrolls of enchant weapon
 i - a scroll of acquirement {unknown}
 j - a scroll of fog {unknown}
 s - 3 scrolls of blinking {unknown}
 t - a scroll of teleportation
Potions
 k - a potion of haste {unknown}
 o - 2 potions of curing
 p - a potion of might
 q - a potion of brilliance
 u - a potion of flight {unknown}
 v - a potion of ambrosia {unknown}


   Skills:
 - Level 2.4 Fighting
 + Level 2.6 Throwing
 - Level 2.4 Dodging
 - Level 1.0 Stealth
 * Level 5.8 Unarmed Combat
 + Level 2.0 Invocations


You had 5 spell levels left.
You didn't know any spells.
Your spell library contained the following spells:

 Spells                   Type           Power      Damage    Failure   Level
 Slow                     Hex            0%         N/A       45%         1
 Confusing Touch          Hex            0%         N/A       83%         3
 Vampiric Draining        Necr           0%         2d6       83%         3


Dungeon Overview and Level Annotations

Branches:
Dungeon (5/15)
 Temple: D:4-7

Altars:
Sif Muna
Yredelemnul
The Shining One

Shops:
D:3 (!:(*

Annotations:
D:5 Pikel


Innate Abilities, Weirdness & Mutations

You are too large for most types of armour.
You have claws for hands.
Your natural rate of healing is unusually fast.
You are covered in fur. (AC +1)
You have tough skin. (AC +1)


Message History

You barely miss Pikel.
Pikel is lightly wounded.
Your ogre zombie hits the lemure.
The lemure hits your ogre zombie!
Your ogre zombie is destroyed!
Pikel hits you with a +2 whip of flaming.
Pikel burns you.
You scratch Pikel.
Pikel is lightly wounded.
Pikel hits you with a +2 whip of flaming.
Pikel burns you.
You scratch Pikel. Your claw misses Pikel.
Pikel is moderately wounded.
You miss Pikel.
Pikel is moderately wounded.
Pikel hits you with a +2 whip of flaming!
Pikel burns you.
You are too injured to fight recklessly!
You are too injured to fight recklessly!
You are too injured to fight recklessly!
You claw Pikel!
Pikel is severely wounded.
Pikel barely misses you.
You scratch Pikel.
Pikel is severely wounded.
Pikel hits you with a +2 whip of flaming!
* * * LOW HITPOINT WARNING * * *
Pikel burns you.
* * * LOW HITPOINT WARNING * * *
You scratch Pikel but do no damage.
Pikel is severely wounded.
Pikel hits you with a +2 whip of flaming.
* * * LOW HITPOINT WARNING * * *
Pikel burns you.
* * * LOW HITPOINT WARNING * * *
Nothing appears to have answered your call.
Pikel hits you with a +2 whip of flaming!
* * * LOW HITPOINT WARNING * * *
Pikel burns you.
You die...
Your body rises from the dead as a mindless zombie.

#..#.. # .#.#. .## ._.#
##.. .#. #... .. #..#
##5.###.# ##..K..... #.
##..############# ..
#......5K@.........
#.#.#....####...###.##
###...#....# ..........#
.).........#.##...###..#
###...#......##.).# #..#
#...#...#####...###..#
......................#
.##...##.###########...#
#... #.#.............#


You could see Pikel and a lemure.

Vanquished Creatures
  An ogre (D:5)
  3 lemures (D:5)
  A hound (D:4)
  An orc priest (D:4)
  Jessica (D:3)
  An orc wizard (D:4)
  4 gnolls (D:2)
  3 adders
  2 worms
  A dart slug (D:3)
  10 orcs
  5 ball pythons
  6 endoplasms
  A giant cockroach (D:3)
  2 hobgoblins
  6 jackals
  2 quokkas
  6 bats
  A frilled lizard (D:1)
  6 goblins
  7 kobolds
  2 rats
72 creatures vanquished.

Vanquished Creatures (collateral kills)
  An orc (D:4)
  A ball python (D:2)
  A kobold (D:2)
3 creatures vanquished.

Vanquished Creatures (others)
  An ogre zombie (D:5)
  An adder zombie (D:5)
  A bat zombie (D:3)
  A ball python zombie (D:3)
  3 orc zombies
  A spectral endoplasm (D:3)
  4 plants (D:2)
  4 withered plants (D:2)
16 creatures vanquished.

Grand Total: 91 creatures vanquished

Notes
Turn   | Place    | Note
-------+----------+-------------------------------------------
     0 | D:1      | mopl the Troll Monk began the quest for the Orb.
     0 | D:1      | Reached XP level 1. HP: 22/22 MP: 0/0
   136 | D:1      | Reached XP level 2. HP: 29/29 MP: 1/1
   651 | D:1      | Reached skill level 4 in Unarmed Combat
   737 | D:2      | Found a shimmering blue altar of Sif Muna.
   747 | D:2      | Reached XP level 3. HP: 26/36 MP: 2/2
   755 | D:2      | Reached skill level 1 in Throwing
   908 | D:2      | Reached XP level 4. HP: 44/44 MP: 3/3
   971 | D:2      | Found a faded altar of an unknown god.
  1007 | D:2      | Prayed at the altar of an unknown god.
  1007 | D:2      | Became a worshipper of Yredelemnul the Dark
  1007 | D:2      | Reached * piety under Yredelemnul
  1238 | D:2      | Reached ** piety under Yredelemnul
  1712 | D:3      | Found Geshad's Book Shoppe.
  1967 | D:3      | Found Teklo's Distillery.
  1979 | D:3      | Bought a potion of attraction for 30 gold pieces
  1979 | D:3      | Bought a potion of curing for 30 gold pieces
  1979 | D:3      | Bought a potion of might for 40 gold pieces
  1979 | D:3      | Bought a potion of brilliance for 40 gold pieces
  2068 | D:3      | Found Kinwueps's Weapon Emporium.
  2214 | D:3      | Noticed Jessica
  2217 | D:3      | Killed Jessica
  2218 | D:3      | Reached skill level 5 in Unarmed Combat
  2218 | D:3      | Reached skill level 1 in Invocations
  2218 | D:3      | Reached XP level 5. HP: 50/50 MP: 4/4
  2223 | D:3      | Found Iviosch's Weapon Shoppe.
  2260 | D:3      | Found Wemeniky's General Store.
  2268 | D:3      | Bought a scroll of identify for 22 gold pieces
  2268 | D:3      | Bought a potion of curing for 33 gold pieces
  2541 | D:4      | Found a shimmering blue altar of Sif Muna.
  2956 | D:5      | Entered Level 5 of the Dungeon
  2979 | D:5      | Noticed an ogre
  2986 | D:5      | Killed an ogre
  2987 | D:5      | Reached XP level 6. HP: 59/59 MP: 6/6
  3006 | D:5      | Noticed Pikel
  3007 | D:5      | Found a glowing golden altar of the Shining One.
  3038 | D:5      | Slain by Pikel

Illustrated notes

Levels and vault maps discovered:
D:1:      dpeg_arrival_three_smaller_balls, layout_basic,
          hangedman_decor_growths
D:2:      layout_basic, shapermc_ecumenical_altar_flowoftime, basic_altar,
          grunt_ministairs_9
D:3:      layout_loops_ring, serial_shops, shop, nicolae_shop_trees,
          nicolae_lakefront_shop, shop_coins, nicolae_shop_bloodbath_and_beyond,
          uniq_jessica
D:4:      layout_cave_pools, nicolae_sif_muna_little_library
D:5:      layout_basic, tso_metal_star, st_stairs_12, nicolae_shop_gadgets,
          uniq_pikel

Skill      XL: |  1  2  3  4  5 |
---------------+----------------+-----
Unarmed Combat | 4 5 |  5.8
Throwing       | 1 2 |  2.6
Invocations    | 1 2 |  2.0
Fighting       | |  2.4
Dodging        | |  2.4
Stealth        | |  1.0

Action                   |  1- 3 |  4- 6 || total
-------------------------+-------+-------++-------
Melee: Unarmed           |    63 |   158 ||   221
       Punch             |       |     4 ||     4
Invok: Recall Undead Har |       |     1 ||     1
  Use: Scroll            |       |     3 ||     3
 Stab: Sleeping          |       |     6 ||     6
Armor: Robe              |    20 |    37 ||    57
Dodge: Dodged            |    31 |    55 ||    86
